 Dungeon Crawl Stone Soup version 0.28.0-53-g5a82cb258f (webtiles) character file.

Game seed: 8340893472947281114

54 Gabide the Insei (level 3, -1/18 HPs)
             Began as a Vine Stalker Monk on May 30, 2022.
             Succumbed to an adder's poison
             ... on level 2 of the Dungeon.
             The game lasted 00:02:33 (1497 turns).

Gabide the Insei (Vine Stalker Monk)                Turns: 1497, Time: 00:02:34

Health: -1/18      AC:  2    Str: 13    XL:     3   Next: 91%
Magic:  0/4        EV: 13    Int: 10    God:
Gold:   71         SH:  0    Dex: 20    Spells: 2/2 levels left

rFire   . . .      SeeInvis .     - Unarmed
rCold   . . .      Faith    .   (no shield)
rNeg    . . .      Spirit   +   a - +0 robe
rPois   +          Reflect  .   (no helmet)
rElec   .          Harm     .   (no cloak)
rCorr   .          Rampage  .   (no gloves)
Will    .....                   (no boots)
Stlth   ++........              (no amulet)
HPRegen 0.06/turn               (no ring)
MPRegen 0.09/turn               (no ring)

@: lethally poisoned (-1 -> -9), flying
A: fangs 2, magic shield, antimagic bite, no potion heal 2, agile 1, frail 1,
poison resistance
a: no special abilities


You were on level 2 of the Dungeon.
You visited 1 branch of the dungeon, and saw 2 of its levels.

You collected 71 gold pieces.

Inventory:

Armour
 a - a +0 robe (worn)
Scrolls
 b - a scroll of magic mapping {unknown}


   Skills:
 - Level 3.0 Fighting
 - Level 3.0 Dodging
 - Level 2.5 Stealth
 + Level 3.9 Unarmed Combat


You had 2 spell levels left.
You didn't know any spells.
Your spell library was empty.

Dungeon Overview and Level Annotations

Branches:
Dungeon (2/15)

Altars:


Innate Abilities, Weirdness & Mutations

You have extremely sharp teeth.
When hurt, damage is shared between your health and your magic reserves.
Your bite disrupts and absorbs the magic of your enemies.
Potions cannot restore your health.
You are agile. (Dex +2)
You are frail. (-10% HP)
Your system is resistant to poisons. (rPois)


Message History

Found a glowing chain mail.
Found a scroll labelled XAOCODGH IXIOSS.
A worm comes into view.
A kobold comes into view. It is wielding a +0 whip.
Found 3 gold pieces.
The adder hisses angrily.
The adder bites you.
You are poisoned.
The adder poisons you!
The kobold throws a stone.
The stone closely misses you. The adder bites you.
You are more poisoned.
The adder poisons you!
You feel very sick.
Okay, then.
You closely miss the adder. Your bite misses the adder.
You feel sick. The adder misses you.
You barely miss the adder.
You feel sick. The adder bites you.
You hit the adder. Your bite misses the adder.
The adder is heavily wounded.
* * * LOW HITPOINT WARNING * * *
You feel sick. The adder barely misses you. x2
You hit the adder but do no damage.
The adder is heavily wounded.
You feel sick. The adder bites you but does no damage.
You closely miss the adder.
The adder is heavily wounded.
The adder bites you.
* * * LOW HITPOINT WARNING * * *
It was a potion of flight.
You feel very buoyant.
You fly up into the air.
* * * LOW HITPOINT WARNING * * *
You feel sick. The adder bites you.
* * * LOW HITPOINT WARNING * * *
You are more poisoned.
The adder poisons you!
Really quaff the potion of mutation?
You feel extremely strange.
You feel agile.
You feel resistant to poisons.
You feel frail.
You die...

..# #.........#####
######.#...........#
## .............####
.. ...........## ##
.####......## ##..#
###....# ...#
#.##.#### .##
#.##....## .#
#.......#@.# .
.[..#..#..##S#
###.......<......# .
#....!..........# ##
#.#.#.....?.....# .
#.#w#...........# ..
# ..#S..........#
..# ...$.......#
...........#


You could see an adder.

Vanquished Creatures
  2 adders
  2 dart slugs (D:1)
  5 ball pythons
  2 bats
  4 endoplasms
  A giant cockroach (D:1)
  2 goblins (D:1)
  4 hobgoblins
  4 kobolds
  3 frilled lizards (D:1)
  2 rats
31 creatures vanquished.

Notes
Turn   | Place    | Note
-------+----------+-------------------------------------------
     0 | D:1      | Gabide the Vine Stalker Monk began the quest for the Orb.
     0 | D:1      | Reached XP level 1. HP: 11/11 MP: 2/2
   257 | D:1      | Reached XP level 2. HP: 16/16 MP: 3/3
   982 | D:1      | Reached XP level 3. HP: 20/20 MP: 4/4
  1496 | D:2      | HP: 1/20 [adder (2)]
  1497 | D:2      | Gained mutation: You are agile. (Dex +2) [potion of
                  | mutation]
  1497 | D:2      | Gained mutation: Your system is resistant to poisons.
                  | (rPois) [potion of mutation]
  1497 | D:2      | Gained mutation: You are frail. (-10% HP) [potion of
                  | mutation]
  1497 | D:2      | Succumbed to an adder's poison

Illustrated notes

Levels and vault maps discovered:
D:1:      dpeg_arrival_tiny_a, layout_rooms
D:2:      layout_rooms

Skill      XL: |  1  2 |
---------------+-------+-----
Fighting       | 3 |  3.0
Dodging        | 3 |  3.0
Stealth        | |  2.5
Unarmed Combat | |  3.9

Action                   || total
-------------------------++-------
Melee: Unarmed           ||   106
       Bite              ||    20
       Punch             ||     4
  Use: Scroll            ||     2
       Potion            ||     2
 Stab: Sleeping          ||     3
Armor: Robe              ||    20
Dodge: Dodged            ||    70
